Map: Orbital Shipyard

Players

Harstem - Winner!

  • Race: Protoss Protoss

Shura (Scarlett)

  • Race: Zerg Zerg
  • League: Grandmaster

Event: Harstem vs Scarlett (matcherino)

VOD

https://www.youtube.com/watch?v=phahpFFHtL0

Description

Time

  • Played on: Nov. 23, 2015, 11:30 a.m.
  • Length: 12:10

All games in this series

Show
View Real Time Build Order
Export as new Build Order

Harstem Protoss - Winner!

Build Orders: Nexus First 

Get SALT Encoding   

  12  0:02  Probe (Chrono Boost)  
  13  0:12  Probe (Chrono Boost)  
  14  0:21  Pylon  
  14  0:24  Probe (Chrono Boost)  
  15  0:39  Probe (Chrono Boost)  
  17  0:50  Probe (Chrono Boost)  
  17  1:00  Nexus  
  17  1:08  Gateway  
  17  1:14  Probe (Chrono Boost)  
  18  1:24  Probe (Chrono Boost), Assimilator  
  19  1:29  Assimilator  
  19  1:35  Probe (Chrono Boost)  
  20  1:42  Gateway  
  20  1:46  Probe (Chrono Boost)  
  21  1:57  Probe (Chrono Boost)  
  21  1:58  Cybernetics Core  
  22  2:08  Probe (Chrono Boost)  
  23  2:12  Probe (Chrono Boost)  
  24  2:18  Probe (Chrono Boost)  
  25  2:23  Probe (Chrono Boost)  
  25  2:29  Probe (Chrono Boost)  
  27  2:33  Probe (Chrono Boost)  
  27  2:35  Adept x2 (Chrono Boost)  
  32  2:37  Warp Gate  
  32  2:40  Probe  
  32  2:42  Pylon  
  33  2:45  Probe  
  34  2:52  Probe  
  34  2:57  Probe  
  36  3:00  Sentry (Chrono Boost)  
  36  3:01  Adept (Chrono Boost)  
  36  3:04  Probe  
  40  3:09  Probe  
  41  3:14  Pylon, Robotics Facility  
  41  3:16  Probe (Chrono Boost)  
  42  3:21  Probe (Chrono Boost)  
  43  3:28  Mothership Core (Chrono Boost)  
  43  3:33  Probe (Chrono Boost)  
  46  3:45  Probe (Chrono Boost)  
  46  3:47  Nexus  
  47  3:50  Pylon  
  47  3:51  Probe (Chrono Boost), Pylon  
  47  3:55  Sentry, Adept  
  46  3:56  Probe (Chrono Boost)  
  49  4:03  Warp Prism (Chrono Boost)  
  49  4:04  Probe  
  49  4:08  Probe  
  52  4:10  Pylon  
  52  4:15  Phoenix  
  52  4:16  Probe  
  54  4:17  Assimilator  
  54  4:19  Probe  
  54  4:23  Assimilator  
  55  4:29  Probe x2  
  57  4:40  Probe  
  57  4:41  Probe  
  57  4:43  Sentry  
  61  4:46  Sentry  
  61  4:47  Gateway  
  61  4:49  Gateway  
  61  4:50  Probe  
  64  4:53  Probe  
  64  4:55  Forge  
  64  4:59  Pylon  
  65  5:01  Probe x2, Observer (Chrono Boost)  
  65  5:05  Probe  
  69  5:08  Adept  
  69  5:09  Adept  
  69  5:11  Probe  
  69  5:12  Probe  
  75  5:17  Probe  
  76  5:22  Probe x2  
  76  5:26  Twilight Council  
  76  5:27  Gateway  
  78  5:29  Probe  
  78  5:33  Probe x2, Protoss Ground Weapons Level 1 (Chrono Boost)  
  81  5:41  Probe, Adept x2  
  86  5:43  Probe  
  86  5:46  Probe  
  88  5:50  Adept x2, Pylon  
  88  5:52  Gateway  
  88  5:53  Gateway  
  92  6:06  Probe, Blink (Chrono Boost)  
  92  6:08  Probe (Chrono Boost)  
  92  6:09  Robotics Bay  
  94  6:15  Probe (Chrono Boost)  
  95  6:20  Probe (Chrono Boost)  
  95  6:22  Assimilator  
  95  6:25  Stalker x3  
  102  6:27  Assimilator  
  102  6:30  Stalker  
  102  6:31  Pylon  
  102  6:32  Immortal (Chrono Boost)  
  108  6:35  Pylon x2  
  108  6:38  Probe  
  109  6:40  Pylon  
  109  6:42  Pylon  
  109  6:44  Pylon  
  109  6:46  Pylon  
  109  6:48  Probe  
  109  6:49  Probe  
  109  7:06  Stalker  
  109  7:07  Stalker x3  
  109  7:08  Stalker x3  
  123  7:09  Probe  
  123  7:10  Probe  
  123  7:15  Probe  
  126  7:17  Pylon  
  126  7:19  Pylon  
  126  7:21  Probe  
  126  7:22  Disruptor  
  127  7:23  Photon Cannon  
  127  7:24  Probe  
  131  7:32  Protoss Ground Weapons Level 2 (Chrono Boost)  
  131  7:43  Probe  
  132  7:53  Stalker x5, Probe  
  132  7:58  Disruptor  
  146  8:13  Probe  
  146  8:14  Nexus  
  146  8:16  Stalker x2, Adept x4, Pylon  
  146  8:17  Adept, Pylon  
  161  8:20  Pylon  
  161  8:26  Photon Cannon  
  161  8:28  Gateway  
  161  8:29  Gateway  
  161  8:34  Disruptor  
  164  8:51  Stalker x4  
  164  8:52  Stalker x3  
  152  9:09  Disruptor  
  146  9:11  Probe (Chrono Boost)  
  146  9:12  Probe (Chrono Boost), Photon Cannon  
  146  9:15  Stalker x4, Photon Cannon  
  146  9:16  Stalker x3  
  163  9:17  Photon Cannon  
  163  9:19  Photon Cannon  
  163  9:22  Probe (Chrono Boost)  
  163  9:23  Probe (Chrono Boost)  
  165  9:37  Stalker x2  
  169  9:40  Adept x7  
  169  9:45  Disruptor  
  166  10:01  Stalker x4  
  166  10:02  Stalker x4  
  178  10:11  Probe (Chrono Boost)  
  178  10:12  Probe (Chrono Boost)  
  180  10:15  Assimilator  
  180  10:17  Assimilator  
  180  10:21  Immortal  
  173  10:34  Stalker x8  
  173  10:35  Stalker  
  166  11:02  Stalker x8  
  166  11:03  Stalker  
  168  11:15  Probe (Chrono Boost)  
  169  11:22  Probe (Chrono Boost), Disruptor  
  169  11:25  Probe (Chrono Boost)  
  172  11:33  Stalker x2  
  172  11:34  Stalker x5  
  172  11:38  Nexus, Pylon  
Show
View Real Time Build Order
Export as new Build Order

Shura Zerg 

Build Orders: Hatch First 

Get SALT Encoding   

  12  0:01  Drone  
  13  0:13  Overlord  
  13  0:18  Drone  
  14  0:31  Drone x2  
  14  0:35  Drone  
  17  0:46  Drone  
  18  0:55  Hatchery  
  17  1:00  Drone  
  18  1:06  Extractor  
  17  1:13  Spawning Pool  
  17  1:16  Drone  
  17  1:19  Drone  
  18  1:30  Drone  
  19  1:39  Overlord  
  19  1:52  Drone  
  20  2:00  Queen  
  23  2:01  Zergling x2  
  23  2:06  Queen  
  23  2:07  Drone  
  26  2:10  Metabolic Boost  
  26  2:15  Drone  
  27  2:17  Drone  
  28  2:28  Drone x2  
  30  2:35  Queen  
  32  2:43  Hatchery  
  31  2:49  Drone x2  
  31  2:50  Overlord  
  33  2:58  Drone x2  
  34  3:08  Drone x2  
  34  3:11  Zergling x6  
  39  3:16  Zergling x4  
  39  3:18  Zergling x6  
  44  3:23  Overlord  
  44  3:45  Drone  
  44  3:46  Drone x6  
  44  3:47  Lair  
  50  3:53  Drone x2, Overlord  
  51  3:57  Drone  
  51  3:58  Drone  
  53  4:05  Overlord  
  53  4:10  Extractor x2  
  53  4:14  Drone x3  
  53  4:21  Drone  
  53  4:22  Drone x5  
  53  4:23  Queen  
  61  4:27  Drone  
  61  4:28  Evolution Chamber, Drone x3  
  61  4:31  Evolution Chamber  
  63  4:37  Overlord  
  63  4:39  Drone x3  
  63  4:44  Drone x2  
  68  4:50  Hydralisk Den  
  67  4:56  Drone x6  
  67  4:59  Zerg Missile Weapons Level 1  
  73  5:00  Zerg Ground Armor Level 1  
  73  5:10  Overlord  
  73  5:11  Drone x5  
  78  5:14  Extractor  
  78  5:16  Overlord  
  78  5:17  Drone x4  
  81  5:21  Extractor  
  81  5:23  Overlord  
  81  5:24  Muscular Augments  
  80  5:29  Hydralisk  
  80  5:30  Hydralisk  
  84  5:37  Hydralisk  
  84  5:41  Hydralisk  
  88  5:42  Overlord  
  88  5:43  Drone x3  
  88  5:44  Drone  
  88  5:46  Extractor  
  88  5:47  Drone x3  
  88  5:48  Hydralisk  
  96  5:53  Overlord  
  96  6:21  Drone x2  
  96  6:23  Infestation Pit  
  96  6:24  Hydralisk x4  
  105  6:26  Spore Crawler, Hydralisk x2  
  105  6:27  Hydralisk  
  105  6:28  Hydralisk  
  112  6:34  Hatchery  
  112  6:35  Hatchery  
  112  6:39  Overseer  
  110  6:40  Overlord  
  110  6:41  Hatchery, Overlord  
  110  6:46  Hydralisk  
  109  6:47  Hydralisk x4  
  109  6:50  Drone  
  120  7:00  Drone x6  
  122  7:16  Hydralisk x5  
  122  7:17  Drone, Extractor x2  
  122  7:21  Drone x2  
  122  7:22  Drone x2  
  135  7:26  Drone  
  136  7:34  Drone  
  136  7:35  Drone  
  138  7:38  Hive  
  138  7:40  Overlord  
  138  7:41  Overlord x4  
  138  7:48  Drone  
  138  7:49  Drone x3  
  142  7:52  Overlord x2  
  142  8:02  Overseer  
  142  8:04  Overseer  
  142  8:10  Spine Crawler  
  142  8:12  Spine Crawler  
  140  8:14  Hydralisk x11  
  140  8:15  Zergling x6  
  164  8:26  Hydralisk x8  
  178  8:37  Hydralisk  
  178  8:38  Hydralisk x5  
  190  8:53  Hydralisk x8  
  187  9:00  Hydralisk  
  187  9:01  Hydralisk x3  
  169  9:03  Hydralisk  
  169  9:04  Hydralisk  
  169  9:07  Hydralisk  
  169  9:08  Hydralisk  
  171  9:14  Hydralisk  
  171  9:15  Hydralisk x2  
  177  9:19  Hydralisk  
  177  9:20  Hydralisk x2  
  183  9:24  Hydralisk x2  
  183  9:26  Queen  
  189  9:31  Hydralisk, Swarm Host  
  189  9:37  Swarm Host  
  189  9:38  Zergling x4  
  191  9:55  Hydralisk x7  
  191  9:59  Hydralisk x2  
  155  10:00  Zergling x10  
  156  10:10  Hydralisk  
  156  10:11  Hydralisk x4  
  161  10:24  Hydralisk  
  161  10:25  Hydralisk x6  
  133  10:38  Hydralisk x5  
  133  10:42  Hydralisk  
  122  10:43  Zergling x14  
  129  10:50  Hydralisk x2  
  130  11:02  Hydralisk  
  130  11:03  Hydralisk x4  
  102  11:12  Hydralisk  
  102  11:13  Hydralisk x3  
  100  11:19  Hydralisk  
  91  11:33  Hydralisk x3  
  90  11:43  Hydralisk  
  90  11:44  Hydralisk x3  

Tags
 
Add a new tag
Caveats
  • Supply blocks, unpowered buildings, or Contaminate may cause inaccurate times.
  • Supply counts are checked every 10 seconds.